 Dungeon Crawl Stone Soup version 0.29.1-1-gd02db6906a (webtiles) character file.

Game seed: 3663808940534790448

1086 Sabo the Gusty (level 7, -2/55 HPs)
             Began as a Demigod Air Elementalist on Sept 23, 2022.
             Slain by an orc warrior
             ... wielding a +1 mace of holy wrath
              (5 damage)
             ... on level 6 of the Dungeon.
             The game lasted 00:49:35 (8825 turns).

Sabo the Gusty (Demigod Air Elementalist)           Turns: 8825, Time: 00:49:35

Health: -2/55      AC:  7    Str:  9    XL:     7   Next: 82%
Magic:  11/15      EV: 13    Int: 25    God:
Gold:   306        SH:  0    Dex: 14    Spells: 8/13 levels left

rFire   . . .      SeeInvis .   t - +4 falchion (elec)
rCold   . . .      Faith    .   (no shield)
rNeg    . . .      Spirit   .   a - +0 robe
rPois   .          Reflect  .   (no helmet)
rElec   .          Harm     .   o - +2 cloak
rCorr   .          Rampage  .   c - +1 pair of gloves
Will    .....                   (no boots)
Stlth   ++........              e - amulet of regeneration
HPRegen 0.98/turn               (no ring)
MPRegen 0.14/turn               (no ring)

@: no status effects
A: high MP 1, forlorn, divine attributes
a: no special abilities


You were on level 6 of the Dungeon.
You visited 1 branch of the dungeon, and saw 6 of its levels.

You collected 330 gold pieces.
You spent 24 gold pieces at shops.

Inventory:

Hand Weapons
 h - a +0 flail of venom
 k - a +0 broad axe
 t - a +4 falchion of electrocution (weapon)
Missiles
 l - 2 boomerangs
 n - a throwing net
Armour
 a - a +0 robe (worn)
 c - a +1 pair of gloves (worn)
 d - a +2 buckler
 o - a +2 cloak (worn)
Jewellery
 e - an amulet of regeneration (around neck)
Scrolls
 i - 2 scrolls of teleportation
 m - a scroll of butterflies
 v - 2 scrolls of fear
Potions
 b - 2 potions of magic
 g - 4 potions of heal wounds
 j - a potion of flight {unknown}
 p - a potion of lignification {unknown}
 q - a potion of brilliance {unknown}
 r - 2 potions of mutation {unknown}
 s - a potion of attraction {unknown}


   Skills:
 + Level 2.2 Fighting
 + Level 0.3 Short Blades
 + Level 0.1(0.2) Long Blades
 + Level 3.9(4.0) Axes
 + Level 0.4(2.4) Maces & Flails
 + Level 3.1 Dodging
 + Level 2.7 Stealth
 + Level 3.7 Spellcasting
 + Level 2.8 Conjurations
 + Level 4.7 Air Magic


You had 8 spell levels left.
You knew the following spells:

 Your Spells              Type           Power      Damage    Failure   Level
a - Shock                 Conj/Air       92%        1d8       1%          1
b - Airstrike             Air            14%        2d(2-18)  13%         4

Your spell library contained the following spells:

 Spells                   Type           Power      Damage    Failure   Level
 Magic Dart               Conj           76%        1d6       2%          1
 Static Discharge         Conj/Air       23%        3-6/arc   3%          2
 Swiftness                Air            28%        N/A       4%          3
 Foxfire                  Conj/Fire      44%        2x1d6     5%          1
 Mephitic Cloud           Conj/Pois/Air  17%        N/A       10%         3
 Call Imp                 Summ           4%         N/A       14%         2
 Sticky Flame             Conj/Fire      11%        2d3       45%         4
 Dispel Undead            Necr           4%         3d7       67%         4
 Lee's Rapid Deconstruct  Erth           2%         3d5*      95%         5


Dungeon Overview and Level Annotations

Branches:
Dungeon (6/15)
 Temple: D:4-7

Shops:
D:2 *   D:4 *


Innate Abilities, Weirdness & Mutations

You have an increased reservoir of magic. (+10% MP)
You shall have no god before yourself.
Your divine heritage dramatically boosts your attributes as you level up.


Message History

The orc warrior hits you with a +1 mace of holy wrath!
Something hits you but does no damage.
The orc warrior hits you with a +1 mace of holy wrath!
You barely miss the orc warrior. Something hits you.
The orc warrior hits you but does no damage.
You slash the orc warrior!
The orc warrior is moderately wounded.
Something hits you but does no damage. The orc warrior closely misses you.
You hit the orc warrior.
The orc warrior is heavily wounded.
Something barely misses you. The orc warrior barely misses you.
You hit the orc warrior.
The orc warrior is heavily wounded.
Something hits you but does no damage.
The orc warrior hits you but does no damage.
You hear some strange, mumbled words.
A puff of flame appears from out of thin air!
The puff of flame hits you.
The orc warrior hits you with a +1 mace of holy wrath.
* * * LOW HITPOINT WARNING * * *
You hit the orc warrior.
The orc warrior is severely wounded.
You hear some strange, mumbled words.
A magic dart appears from out of thin air!
The magic dart hits you.
* * * LOW HITPOINT WARNING * * *
The orc warrior hits you with a +1 mace of holy wrath!
* * * LOW HITPOINT WARNING * * *
Okay, then.
Sorry, you're not good enough to have a special ability.
Casting: Shock (safe; 1% risk of failure)
Confirm with . or Enter, or press ? or * to list all spells.
Aiming: Airstrike (dangerous; 13% risk of failure)
Press: ? - help, Dir - move target, f - orc warrior
Aim: an orc warrior, wielding a +1 mace of holy wrath and wearing a +0 chain mail (severely wounded, empty space bonus: 2/8)
The air twists around and strikes the orc warrior.
The orc warrior is almost dead.
Something hits you but does no damage.
The orc warrior hits you with a +1 mace of holy wrath.
You die...

#..#### #..#..
#..#.##### #..#.#....
#.......## #.........
.#.######.......#
.....o{@o.......#####
.#########).........#
................###.#
## ........###.....#
#.# .. .######.#
###### #.##.. #.#
##.##.. #.# #......
#.# #......
#.##########....(.


You could see an orc warrior and an orc.

Vanquished Creatures
  An ice beast (D:6)
  An ogre (D:5)
  A phantom (D:5)
  3 necrophages
  A scorpion (D:5)
  A howler monkey (D:5)
  4 hounds
  A jelly (D:3)
  An orc priest (D:4)
  2 iguanas (D:4)
  2 orc wizards
  5 gnolls
  8 adders
  A worm (D:5)
  7 dart slugs
  12 orcs
  6 ball pythons
  7 endoplasms
  6 giant cockroaches
  10 goblins
  7 hobgoblins
  18 jackals
  5 quokkas
  9 bats
  2 frilled lizards (D:1)
  9 kobolds
  8 rats
138 creatures vanquished.

Notes
Turn   | Place    | Note
-------+----------+-------------------------------------------
     0 | D:1      | Sabo the Demigod Air Elementalist began the quest for the
                  | Orb.
     0 | D:1      | Reached XP level 1. HP: 14/14 MP: 5/5
     8 | D:1      | Got the Commentary on the Iron Volcanoes
   375 | D:1      | Reached skill level 3 in Air Magic
   562 | D:1      | You fall into a shaft and drop 1 floor!
   671 | D:2      | Reached XP level 2. HP: 20/20 MP: 4/7
   867 | D:2      | Reached skill level 1 in Conjurations
  1102 | D:2      | Found Kalinat's General Store.
  1267 | D:2      | Reached XP level 3. HP: 26/26 MP: 3/8
  2969 | D:2      | Reached XP level 4. HP: 34/34 MP: 6/10
  3966 | D:2      | Bought a scroll of identify for 24 gold pieces
  4152 | D:3      | Reached skill level 1 in Fighting
  4152 | D:3      | Reached XP level 5. HP: 40/40 MP: 5/12
  4488 | D:3      | Reached skill level 4 in Air Magic
  6045 | D:4      | Reached XP level 6. HP: 47/47 MP: 14/14
  6348 | D:4      | Reached skill level 1 in Axes
  7186 | D:4      | Found Kuareon's Assorted Antiques.
  7383 | D:5      | Entered Level 5 of the Dungeon
  7646 | D:5      | Learned a level 4 spell: Airstrike
  7678 | D:5      | Reached XP level 7. HP: 53/53 MP: 15/15
  8824 | D:6      | HP: 2/55 [orc warrior/+1 mace of holy wrath (13)]
  8825 | D:6      | Slain by an orc warrior

Illustrated notes

Levels and vault maps discovered:
D:1:      ebering_trefoil_twist, layout_basic,
          ebering_ecumenical_altar_petrified
D:2:      kennysheep_six_static_rooms, layout_basic, serial_shops, shop,
          cheibrodos_gnoll_hut
D:3:      layout_basic, mainiacjoe_overflow_surrounded_room, minitemple,
          minmay_fractal_squares_5
D:4:      layout_basic, serial_shops, kennysheep_mini_moat, grunt_tough_drop
D:5:      nicolae_cairo_tiling_very_big, layout_rooms, kennysheep_slug_shrine
D:6:      minmay_cornered_nines, layout_basic, grunt_ministairs_12,
          minmay_shop_mass

Skill      XL: |  1  2  3  4  5  6  7 |
---------------+----------------------+-----
Air Magic      | 3 4 |  4.7
Conjurations   | 1 2 |  2.8
Dodging        | 2 3 |  3.1
Spellcasting   | 2 3 |  3.7
Fighting       | 1 2 |  2.2
Stealth        | 2 |  2.7
Axes           | 2 3 |  3.9
Short Blades   | |  0.3
Long Blades    | |  0.1
Maces & Flails | |  0.4

Action                   |  1- 3 |  4- 6 |  7- 9 || total
-------------------------+-------+-------+-------++-------
Melee: Unarmed           |     5 |       |       ||     5
       Short sword       |    28 |       |       ||    28
       Mace              |       |    38 |       ||    38
       Broad axe         |       |   138 |    55 ||   193
       Punch             |       |     1 |     1 ||     2
       Falchion          |       |       |    15 ||    15
 Cast: Shock             |    93 |   119 |    38 ||   250
       Airstrike         |       |       |     1 ||     1
  Use: Scroll            |       |     6 |     5 ||    11
 Stab: Sleeping          |       |     2 |       ||     2
Armor: Robe              |    13 |    86 |    35 ||   134
Dodge: Dodged            |    38 |   168 |    47 ||   253
